Rankoo, chaotic male elven Ranger ---------- ------ |[))[.[[[| |.@..| ---------- |.)[[[[.[| ##.B....# #.........+ |[%[.).[[| # |..d.|# #|......{.| |[][)[[.[| ### ------# #|........| |[[[[[[.[| # # ##.........| |........| ### # ###|........| ------|--- # # ### --------.- # # # # # # # # ### # # # # # # ### # # ### # # # # # # --------.--# #### ### --.-.-- |.........|# #------ # |..<..| |...>.....|# #|.....## |.....| |.`........# #.....| |.....| ---|------- ------ ------- # Rankoo the Tenderfoot Experience level: 1 Strength: 14 Dexterity: 11 Constitution: 15 Intelligence: 13 Wisdom: 18 Charisma: 8 Health: 0(13) Energy: 7(7) Def: 10 Gold: 455 Moves: 3527 Dungeon seed: eHSlvpPy2My-naCK Game ID: Rankoo_1642422754 Your Inventory: Weapons d - an uncursed +1 elven dagger e - an uncursed +1 elven bow (alternate weapon; not wielded) i - 21 uncursed +1 arrows j - 2 uncursed +0 arrows k - 2 uncursed +0 orcish daggers (wielded) x - 15 uncursed +0 darts A - a blessed +0 dart B - 10 uncursed +1 darts D - an uncursed +0 dwarvish spear G - 8 uncursed +0 daggers I - an uncursed +0 sling M - 60 uncursed +2 elven arrows N - 38 uncursed +0 elven arrows (in quiver) P - 10 uncursed +0 silver arrows Armor b - an uncursed +2 elven cloak (being worn) r - an uncursed +0 orcish helm (being worn) Y - an uncursed +0 dwarvish mithril-coat (being worn) Comestibles f - 5 uncursed lembas wafers s - 2 uncursed cram rations u - an uncursed tripe ration Scrolls w - an uncursed scroll of enchant armor Spellbooks h - an uncursed spellbook of sleep Potions l - an uncursed potion of water p - an uncursed potion of sleeping t - an uncursed potion of speed H - an uncursed potion of full healing L - an uncursed potion of restore ability Rings K - a cursed ring of fire immunity Wands F - an uncursed wand of secret door detection (0:12) Tools J - an uncursed tallow candle (0:200) R - an uncursed tinning kit (0:92) T - an uncursed blindfold Gems n - 4 uncursed worthless pieces of yellow glass q - an uncursed worthless piece of blue glass y - an uncursed worthless piece of green glass Coins $ - 455 gold pieces Spells and supernatural/magical abilities: Name Level Category Cost Memory W - pray for help -- divine ? -- Your skills at the end: Fighting Skills wands [Basic] Weapon Skills dagger [Basic] bow [Basic] Spellcasting Skills Final Attributes: You were fervently aligned. You were immune to sleep. You saw invisible. You had automatic searching. You had infravision. You were stealthy. You were lucky. Mars was noncommittal. You are dead. Vanquished creatures: a large mimic 5 small mimics a kitten a monkey a dwarf zombie 2 iguanas a gas spore 2 hobbits 3 manes 2 giant rats 5 gnomes 6 geckos 11 jackals 2 foxes 4 goblins 12 grid bugs 5 bats 3 lichens 10 newts 77 creatures vanquished. Voluntary challenges: You had been an atheist until turn 2390. You never hit with a wielded weapon. You were a pacifist. You were illiterate. You never genocided any monsters. You never polymorphed an object. You never changed form. You used no wishes. You never split a pudding. You never wrote Elbereth's name. You never violated your personal moral code. Dungeon overview: The Dungeons of Doom: levels 1 to 7 Level 1 a long staircase Level 2 Level 3 stairs to The Gnomish Mines Level 4 a potion shop, a vault Level 5 a general store, an altar to Venus, some fountains, a vault Level 6 <- You were here an armor shop, a fountain Level 7 The Gnomish Mines: Level 4 stairs to The Dungeons of Doom History has recorded: On T:1 you entered the Dungeons of Doom to retrieve the Amulet of Yendor! On T:48 you reached level 2 of The Dungeons of Doom. On T:473 you reached level 3 of The Dungeons of Doom. On T:1206 you reached level 4 of The Dungeons of Doom. On T:1301 you reached level 1 of The Gnomish Mines. On T:1838 you reached level 5 of The Dungeons of Doom. On T:2462 you reached level 6 of The Dungeons of Doom. On T:3165 you reached level 7 of The Dungeons of Doom. Score breakdown: Gold: 455 ( 9044 points) Experience: 1 level ( 0 points) Exploration: 7 levels ( 14.58%) (10718 points) Discoveries: 4 items ( 1.36%) ( 3493 points) Valuables value: (no points given unless you survive) Artifact value: 0 ( 0 points) Variety of kills: 19 monsters ( 5.00%) ( 6708 points) Turncount: 3527 turns ( -839 points) Survival: died (score multiplied by 80%) Total score: 23299 Latest messages: You resume your meal. You stop eating. The bat bites! Sirius bites the bat. The bat is killed! [2 turns] You resume your meal. You stop eating. Sirius misses the bat. The bat misses Sirius. You resume your meal. You stop eating. The bat misses. Sirius bites the bat. The bat misses Sirius. The bat bites! You resume your meal. You stop eating. The bat bites! (2x) Sirius bites the bat. The bat is killed! The bat bites! You die... Final status: Goodbye Rankoo the Ranger, killed by a bat... You died in The Dungeons of Doom on dungeon level 6 with 23299 points, and 455 pieces of gold, after 3527 moves. You were level 1 with a maximum of 13 hit points when you died.